 Dungeon Crawl Stone Soup version 0.31-a0-221-gbddc013574 (webtiles) character file.

Game seed: 9215592422624584674

40 qw the Shooter (level 3, -1/29 HPs)
             Began as a Minotaur Hexslinger on July 3, 2023.
             Slain by Terence
             ... wielding a +0 mace
              (4 damage)
             ... on level 2 of the Dungeon.
             The game lasted 00:00:24 (1200 turns).

qw the Shooter (Minotaur Hexslinger)                Turns: 1200, Time: 00:00:25

Health: -1/29      AC:  5    Str: 12    XL:     3   Next: 30%
Magic:  3/3        EV: 11    Int: 10    God:
Gold:   81         SH:  0    Dex: 14    Spells: 3/4 levels left

rFire   . . .        Y - +1 sling
rCold   . . .        (no shield)
rNeg    . . .        i - +0 ring mail
rPois   .            (helmet restricted)
rElec   .            (no cloak)
rCorr   .            (no gloves)
SInv    .            (no boots)
Will    .....        (no amulet)
Stlth   +            (no ring)
HPRegen 0.24/turn    (no ring)
MPRegen 0.08/turn

%: no passive effects
@: no status effects
A: horns 2, retaliatory headbutt
a: no special abilities


You were on level 2 of the Dungeon.
You visited 1 branch of the dungeon, and saw 2 of its levels.

You collected 81 gold pieces.


Innate Abilities, Weirdness & Mutations

You have a pair of horns on your head.
You reflexively headbutt those who attack you in melee.


   Skills:
 - Level 2.1 Fighting
 + Level 3.8 Ranged Weapons
 - Level 2.1 Dodging
 - Level 1.0 Spellcasting
 - Level 2.0 Hexes


You had 3 spell levels left.
You knew the following spells:

 Your Spells              Type           Power      Damage    Failure   Level
a - Slow                  Hex            16%        N/A       34%         1

Your spell library contained the following spells:

 Spells                   Type           Power      Damage    Failure   Level
 Inner Flame              Hex/Fire       2%         N/A       83%         3
 Portal Projectile        Hex/Tloc       4%         N/A       83%         3
 Cause Fear               Hex            2%         N/A       98%         4

Inventory:

Hand Weapons
 Y - a +1 sling (weapon)
Armour
 i - a +0 ring mail (worn)
Scrolls
 a - a scroll of identify
 b - a scroll of acquirement {unknown}
 f - a scroll of enchant armour
Potions
 e - a potion of invisibility {unknown}
 h - a potion of magic {unknown}

Dungeon Overview and Level Annotations

Branches:
Dungeon (2/15)

Altars:

Annotations:
D:2 Terence


Message History

The sling bullet hits the endoplasm.
The endoplasm is heavily wounded.
Terence barely misses you. Terence hits you with a +0 mace.
You shoot a sling bullet.
The sling bullet hits Terence but does no damage.
Terence is lightly wounded.
Terence closely misses you.
You shoot a sling bullet.
The sling bullet closely misses Terence.
The sling bullet hits the endoplasm.
The endoplasm is almost dead.
Terence hits you with a +0 mace!
You shoot a sling bullet. The sling bullet hits Terence.
Terence is lightly wounded.
Terence hits you but does no damage. Terence closely misses you.
You shoot a sling bullet. The sling bullet hits Terence.
Terence is heavily wounded.
Terence hits you with a +0 mace.
You shoot a sling bullet.
The sling bullet closely misses Terence.
The sling bullet hits the endoplasm.
The endoplasm is almost dead.
Terence barely misses you.
You shoot a sling bullet. The sling bullet hits Terence.
Terence is heavily wounded.
Terence closely misses you. You furiously retaliate!
You headbutt Terence.
The endoplasm jiggles.
Terence hits you with a +0 mace.
You shoot a sling bullet. The sling bullet hits Terence.
Terence is almost dead.
Terence hits you with a +0 mace!
You shoot a sling bullet.
The sling bullet closely misses Terence.
The sling bullet hits the endoplasm.
You kill the endoplasm!
Terence barely misses you.
You shoot a sling bullet. The sling bullet barely misses Terence.
The sling bullet barely misses the worm.
Terence barely misses you. Terence hits you with a +0 mace.
You die...

#..........#
#..........#
#..........#
#..........#
#..........# .
#..........# ...
#####......#
.....###########......#
.....w@@...........####
##.############...##
##..#.### [...#
###..##...## ....#.
#######...#####..#
...... ..........# ##.#
....# .[####....#
###.## ....##
#.......### #....#
......
#...##..######....#


You could see Terence and a worm.

Vanquished Creatures
  An adder (D:2)
  A dart slug (D:1)
  3 endoplasms
  3 goblins
  2 hobgoblins
  4 kobolds
  3 quokkas
  2 ball pythons
  4 bats
  A frilled lizard (D:1)
  3 rats (D:2)
27 creatures vanquished.

Notes
Turn   | Place    | Note
-------+----------+-------------------------------------------
     0 | D:1      | qw the Minotaur Hexslinger began the quest for the Orb.
     0 | D:1      | Reached XP level 1. HP: 16/16 MP: 1/1
     0 | D:1      | 0 ||| qw: Version: 0.3-a-40-ge99b1a8
     0 | D:1      | 0 ||| qw: Game counter: 575
     0 | D:1      | 0 ||| qw: Melee chars always use a shield: true
     0 | D:1      | 0 ||| qw: God list: Okawaru
     0 | D:1      | 0 ||| qw: Allow faded altars: false
     0 | D:1      | 0 ||| qw: Do Orc after clearing Dungeon:15 true
     0 | D:1      | 0 ||| qw: Do second Lair branch before Depths: true
     0 | D:1      | 0 ||| qw: Lair rune preference: random
     0 | D:1      | 0 ||| qw: Goals: Normal
     0 | D:1      | 0 ||| PLANNING D:1-11
    81 | D:1      | Reached skill level 3 in Ranged Weapons
    84 | D:1      | Reached XP level 2. HP: 23/23 MP: 2/2
   560 | D:1      | 560 ||| FLEEEEING.
   561 | D:1      | 561 ||| FLEEEEING.
   580 | D:1      | 580 ||| FLEEEEING.
   941 | D:1      | 941 ||| UPGRADING to +0 ring mail.
   951 | D:1      | 951 ||| DROPPING +0 robe.
   952 | D:1      | 952 ||| READING 2 scrolls labelled HOGGUSH QOPOUKH.
   953 | D:1      | 953 ||| READING 2 scrolls labelled EXUMIO CIOGEIG.
   954 | D:1      | 954 ||| READING scroll labelled MEGGETASECK.
   955 | D:1      | 955 ||| DROPPING scroll of poison.
  1026 | D:2      | Reached XP level 3. HP: 29/29 MP: 3/3
  1183 | D:2      | Noticed Terence
  1198 | D:2      | HP: 2/29 [Terence/+0 mace (10)]
  1200 | D:2      | Slain by Terence

Levels and vault maps discovered:
D:1:      dpeg_arrival_castle, layout_basic, st_stairs_14,
          chequers_decorated_corner
D:2:      layout_rooms, basic_ecumenical_altar, minmay_tromino_v4_a,
          uniq_terence

Skill      XL: |  1  2 |
---------------+-------+-----
Ranged Weapons | 3 |  3.8
Fighting       | 2 |  2.1
Dodging        | |  2.1
Spellcasting   | |  1.0
Hexes          | |  2.0

Action                     || total
---------------------------++-------
   Fire: Sling             ||    88
    Use: Scroll            ||     3
 Armour: Ring mail         ||     7
  Dodge: Dodged            ||    21

Table legend:
 A = Non-vault XP
 B = Vault XP
 C = Vault XP percentage of total XP
 D = Non-vault monster count
 E = Vault monster count
 F = Vault count percentage of total count
                 A         B        C        D         E       F
            +---------+---------+-------+---------+---------+-------
      Total |      52 |       6 |  10.3 |      24 |       3 |  11.1
            +---------+---------+-------+---------+---------+-------
        D:1 |      19 |       6 |  24.0 |      10 |       3 |  23.1
        D:2 |      33 |       0 |   0.0 |      14 |       0 |   0.0
            +---------+---------+-------+---------+---------+-------
